 Dungeon Crawl Stone Soup version 0.28.0-43-g3370ac3207 (webtiles) character file.

Game seed: 1142241752406284641

4 Jase the Poker (level 1, -2/16 HPs)
             Began as a Merfolk Gladiator on Feb 28, 2022.
             Slain by a quokka (3 damage)
             ... on level 1 of the Dungeon.
             The game lasted 00:00:35 (62 turns).

Jase the Poker (Merfolk Gladiator)                    Turns: 62, Time: 00:00:36

Health: -2/16      AC:  4    Str: 14    XL:     1   Next: 60%
Magic:  1/1        EV: 13    Int:  7    God:
Gold:   0          SH:  0    Dex: 15    Spells: 0/0 levels left

rFire   . . .      SeeInvis .   a - +0 trident
rCold   . . .      Faith    .   (no shield)
rNeg    . . .      Spirit   .   b - +0 leather armour
rPois   .          Reflect  .   c - +0 helmet
rElec   .          Harm     .   (no cloak)
rCorr   .          Rampage  .   (no gloves)
Will    .....                   (no boots)
Stlth   +.........              (no amulet)
HPRegen 0.05/turn               (no ring)
MPRegen 0.07/turn               (no ring)

@: no status effects
A: (nimble swimmer 2), mertail
a: no special abilities


You were on level 1 of the Dungeon.
You visited 1 branch of the dungeon, and saw 1 of its levels.

Inventory:

Hand Weapons
 a - a +0 trident (weapon)
Missiles
 d - 3 throwing nets (quivered)
Armour
 b - a +0 leather armour (worn)
 c - a +0 helmet (worn)
Potions
 e - a potion of resistance {unknown}


   Skills:
 - Level 2.2 Fighting
 + Level 4.6 Polearms
 - Level 2.0 Throwing
 - Level 4.1 Dodging


You couldn't memorise any spells.
You didn't know any spells.
Your spell library was empty.

Dungeon Overview and Level Annotations

Branches:
Dungeon (1/15)

Altars:


Innate Abilities, Weirdness & Mutations

((You are very nimble when in or above water. (Stealth+, EV+, Speed+++)))
Your lower body shifts to a powerful aquatic tail in water.


Message History

You hit the kobold.
You kill the kobold!
No target in view!
No target in view!
Setting a skill training target for Polearms at 14.0.
HP restored.
Things that are here:
a +0 dagger; a kobold corpse A kobold comes into view.
It is wielding a +0 club.
An endoplasm comes into view.
The endoplasm quivers.
A quokka comes into view.
You closely miss the kobold. The kobold barely misses you.
You hit the kobold but do no damage. The kobold hits you but does no damage.
The endoplasm freezes you.
You are frozen.
You closely miss the kobold. The kobold hits you with a +0 club.
The endoplasm barely misses you.
You are too injured to fight recklessly!
The endoplasm hits the plant.
The plant begins to die.
You are too injured to fight recklessly!
You are too injured to fight recklessly!
The quokka bites the plant.
The plant begins to die.
The endoplasm hits the plant.
You closely miss the kobold. The kobold barely misses you.
You hit the kobold.
You kill the kobold!
You miss the quokka.
A nearby plant withers and dies.
The quokka barely misses you.
You hit the quokka.
The quokka is lightly wounded.
A nearby plant withers and dies.
The quokka bites you.
You barely miss the endoplasm. You punch the endoplasm.
The endoplasm is heavily wounded.
The quokka barely misses you. The endoplasm freezes you.
You are frozen.
* * * LOW HITPOINT WARNING * * *
The quokka bites you.
You die...

....#. ...#PP..≈≈.....#
......#
#..#PP.P...PP.##
......##
#...#....P...##
#...###...#..⌠⌠⌠P..#
#.......)#P..⌠⌠P..#
####........#....P..P#
...........P..#.#..#..#
###.........Jr#_#..#..#
....#.$.$....@######..#
#..#######.....# ...#
#.. #.......# #.
#..#.##### #.....
...... ##...... ##.


You could see an endoplasm and a quokka.

Vanquished Creatures
  2 kobolds (D:1)
  A ball python (D:1)
  A rat (D:1)
4 creatures vanquished.

Vanquished Creatures (others)
  3 plants (D:1)
3 creatures vanquished.

Grand Total: 7 creatures vanquished

Notes
Turn   | Place    | Note
-------+----------+-------------------------------------------
     0 | D:1      | Jase the Merfolk Gladiator began the quest for the Orb.
     0 | D:1      | Reached XP level 1. HP: 16/16 MP: 1/1
    16 | D:1      | Found a faded altar of an unknown god.
    62 | D:1      | Slain by a quokka

Illustrated notes

Levels and vault maps discovered:
D:1:      dpeg_arrival_fog, layout_rooms,
          shapermc_ecumenical_altar_mp_ritualfount, kennysheep_boxes

Action                   || total
-------------------------++-------
Melee: Trident           ||    16
       Punch             ||     1
Armor: Leather armour    ||     2
Dodge: Dodged            ||     5
